3A
DELAWARE 1787 BC @ IDAHO FALLS CHUKARS
08/24/2024
 
TOP OF THE 1ST
Delaware 1787 BC batting - Pitching for Idaho Falls Chukars : RHP Maxwell Simon
Pitching: RHP Maxwell Simon
Batting: RHB Nobuhiko Nakayama 0-0: Ball
1-0: Ball
2-0: Foul Ball, location: 2F
2-1: Foul Ball, location: 2F
2-2: Strikes out swinging
Batting: LHB Ward Wilberfoss 0-0: Ball
1-0: Foul Ball, location: 2F
1-1: Swinging Strike
1-2: Ball
2-2: Ball
3-2: Foul Ball, location: 2F
3-2: Strikes out looking
Batting: LHB Russ Hanneman 0-0: Ball
1-0: Ball
2-0: Called Strike
2-1: Swinging Strike
2-2: Strikes out swinging
Top of the 1st over - 0 run(s), 0 hit(s), 0 error(s), 0 left on base; Delaware 0 - Idaho Falls 0
BOTTOM OF THE 1ST
Idaho Falls Chukars batting - Pitching for Delaware 1787 BC : RHP Jesús Guerra
Pitching: RHP Jesús Guerra
Batting: RHB Fernando Granados 0-0: Ball
1-0: Called Strike
1-1: Foul Ball, location: 2F
1-2: Ball
2-2: Foul Ball, location: 2F
2-2: Ball
3-2: Ground out 6-3 (Groundball, 56)
Batting: LHB Frank Sharp 0-0: Ball
1-0: Foul Ball, location: 2F
1-1: Swinging Strike
1-2: Foul Ball, location: 2F
1-2: Strikes out looking
Batting: RHB Tan Bal 0-0: Foul Ball, location: 2F
0-1: Ball
1-1: Ball
2-1: Foul Ball, location: 2F
2-2: Ball
3-2: Base on Balls
Batting: SHB Pablo Coloa 0-0: Ball
1-0: Ball
2-0: Ball
3-0: Called Strike
3-1: Foul Ball, location: 2F
3-2: Strikes out swinging
Bottom of the 1st over - 0 run(s), 0 hit(s), 0 error(s), 1 left on base; Delaware 0 - Idaho Falls 0
TOP OF THE 2ND
Delaware 1787 BC batting - Pitching for Idaho Falls Chukars : RHP Maxwell Simon
Batting: RHB Gianpaolo Monachino 0-0: Ball
1-0: Foul Ball, location: 2F
1-1: Swinging Strike
1-2: Ball
2-2: Foul Ball, location: 2F
2-2: Foul Ball, location: 2F
2-2: Ball
3-2: Base on Balls
Batting: RHB Cristián Alfonso 0-0: Called Strike
0-1: Ball
1-1: Foul Ball, location: 2F
1-2: Strikes out looking
Batting: RHB Gilberto Rodríguez 0-0: Fly out, F9 (Flyball, 89M)
Batting: RHB Julián García 0-0: Called Strike
0-1: Ball
Gianpaolo Monachino steals 2nd base
1-1: Ball
2-1: Called Strike
2-2: Strikes out looking
Top of the 2nd over - 0 run(s), 0 hit(s), 0 error(s), 1 left on base; Delaware 0 - Idaho Falls 0
BOTTOM OF THE 2ND
Idaho Falls Chukars batting - Pitching for Delaware 1787 BC : RHP Jesús Guerra
Batting: RHB Michael Bradshaw 0-0: SINGLE (Groundball, 34D)
Batting: LHB Armando Peña 0-0: Ball
1-0: Swinging Strike
1-1: Foul Ball, location: 2F
1-2: Ball
2-2: SINGLE (Line Drive, 6D)
Michael Bradshaw to second
Batting: RHB Scott Ramsey 0-0: Ball
1-0: SINGLE (Line Drive, 6M)
Michael Bradshaw to third
Armando Peña to second
Runner from 3rd tries for Home, SAFE, no throw or cutoff
Batting: SHB Félix Medina 0-0: Ball
1-0: SINGLE (Line Drive, 7LS)
Armando Peña to third
Scott Ramsey to second
Batting: RHB Jonah Cooney 0-0: Hit by Pitch
Armando Peña scores
Scott Ramsey to third
Félix Medina to second
Batting: RHB Fernando Granados 0-0: Grounds into fielders choice 1-2 (Groundball, 25)
Félix Medina to third
Jonah Cooney to second
Batting: LHB Frank Sharp 0-0: Fielders Choice at 2nd, 5-4 (Groundball, 56)
Félix Medina scores
Jonah Cooney to third
Batting: RHB Tan Bal 0-0: Fly out, F3 (Popup, 3F)
Bottom of the 2nd over - 3 run(s), 4 hit(s), 0 error(s), 2 left on base; Delaware 0 - Idaho Falls 3
TOP OF THE 3RD
Delaware 1787 BC batting - Pitching for Idaho Falls Chukars : RHP Maxwell Simon
Batting: RHB Jorge Figueroa 0-0: Ground out 5-3 (Groundball, 56S)
Batting: RHB Thurman Blumer 0-0: Foul Ball, location: 2F
0-1: Foul Ball, location: 2F
0-2: Foul Ball, location: 2F
0-2: Ball
1-2: Strikes out swinging
Batting: RHB Nobuhiko Nakayama 0-0: Ball
1-0: Ball
2-0: Called Strike
2-1: Ball
3-1: Foul Ball, location: 2F
3-2: Foul Ball, location: 2F
3-2: Foul Ball, location: 2F
3-2: Foul Ball, location: 2F
3-2: Base on Balls
Batting: LHB Ward Wilberfoss 0-0: Called Strike
0-1: Foul Ball, location: 2F
0-2: Ball
1-2: Ball
2-2: Strikes out looking
Top of the 3rd over - 0 run(s), 0 hit(s), 0 error(s), 1 left on base; Delaware 0 - Idaho Falls 3
BOTTOM OF THE 3RD
Idaho Falls Chukars batting - Pitching for Delaware 1787 BC : RHP Jesús Guerra
Batting: SHB Pablo Coloa 0-0: Called Strike
0-1: Foul Ball, location: 2F
0-2: Ball
1-2: Ball
2-2: Strikes out swinging
Batting: RHB Michael Bradshaw 0-0: Ball
1-0: Ball
2-0: Ground out 1-3 (Groundball, 23)
Batting: LHB Armando Peña 0-0: Ball
1-0: Ball
2-0: Foul Ball, location: 2F
2-1: Foul Ball, location: 2F
2-2: Strikes out swinging
Bottom of the 3rd over - 0 run(s), 0 hit(s), 0 error(s), 0 left on base; Delaware 0 - Idaho Falls 3
TOP OF THE 4TH
Delaware 1787 BC batting - Pitching for Idaho Falls Chukars : RHP Maxwell Simon
Batting: LHB Russ Hanneman 0-0: Called Strike
0-1: Ball
1-1: Foul Ball, location: 2F
1-2: Strikes out swinging
Batting: RHB Gianpaolo Monachino 0-0: Swinging Strike
0-1: Called Strike
0-2: Ball
1-2: Strikes out swinging
Batting: RHB Cristián Alfonso 0-0: Called Strike
0-1: Ball
1-1: Foul Ball, location: 2F
1-2: Ball
2-2: Strikes out swinging
Top of the 4th over - 0 run(s), 0 hit(s), 0 error(s), 0 left on base; Delaware 0 - Idaho Falls 3
BOTTOM OF THE 4TH
Idaho Falls Chukars batting - Pitching for Delaware 1787 BC : RHP Jesús Guerra
Batting: RHB Scott Ramsey 0-0: Called Strike
0-1: Ball
1-1: SINGLE (Flyball, 7S)
Batting: SHB Félix Medina 0-0: Foul Ball, location: 2F
0-1: Foul Ball, location: 2F
0-2: Ball
1-2: Ball
Wild Pitch!
Scott Ramsey to second
2-2: Ball
3-2: Strikes out swinging
Batting: RHB Jonah Cooney 0-0: Ball
1-0: Called Strike
1-1: Foul Ball, location: 2F
1-2: Ball
2-2: Foul Ball, location: 2F
2-2: Ball
3-2: Strikes out swinging
Batting: RHB Fernando Granados 0-0: Called Strike
0-1: Foul Ball, location: 2F
0-2: Ball
1-2: Ball
2-2: Foul Ball, location: 2F
2-2: Ball
3-2: Foul Ball, location: 2F
3-2: Base on Balls
Batting: LHB Frank Sharp 0-0: Ball
1-0: Ball
2-0: Ball
3-0: Base on Balls
Scott Ramsey to third
Fernando Granados to second
Batting: RHB Tan Bal 0-0: Fly out, F3 (Line Drive, 3)
Bottom of the 4th over - 0 run(s), 1 hit(s), 0 error(s), 3 left on base; Delaware 0 - Idaho Falls 3
TOP OF THE 5TH
Delaware 1787 BC batting - Pitching for Idaho Falls Chukars : RHP Maxwell Simon
Batting: RHB Gilberto Rodríguez 0-0: Called Strike
0-1: Ball
1-1: Fly out, F7 (Popup, 7LS)
Batting: RHB Julián García 0-0: Ball
1-0: Called Strike
1-1: Ground out 6-3 (Groundball, 6)
Batting: RHB Jorge Figueroa 0-0: Ball
1-0: Ground out 6-3 (Groundball, 6)
Top of the 5th over - 0 run(s), 0 hit(s), 0 error(s), 0 left on base; Delaware 0 - Idaho Falls 3
BOTTOM OF THE 5TH
Idaho Falls Chukars batting - Pitching for Delaware 1787 BC : RHP Jesús Guerra
Batting: SHB Pablo Coloa 0-0: Called Strike
0-1: SINGLE (Groundball, 34)
Batting: RHB Michael Bradshaw 0-0: Swinging Strike
0-1: Ball
1-1: Ball
2-1: Ball
3-1: Base on Balls
Pablo Coloa to second
Batting: LHB Armando Peña 0-0: Bunted foul
0-1: Sac Bunt - play at first, batter OUT! 5-4
Pablo Coloa to third
Michael Bradshaw to second
Batting: RHB Scott Ramsey 0-0: Intentional Walk
Pitching: RHP Lance Cira
Batting: SHB Félix Medina 0-0: Ball
1-0: Ball
2-0: Ball
3-0: Base on Balls
Pablo Coloa scores
Michael Bradshaw to third
Scott Ramsey to second
Batting: RHB Jonah Cooney 0-0: Foul Ball, location: 2F
0-1: Swinging Strike
0-2: Ground out 5-3 (Groundball, 5S)
Michael Bradshaw scores
Scott Ramsey to third
Félix Medina to second
Batting: RHB Fernando Granados 0-0: Ball
1-0: Foul Ball, location: 2F
1-1: Foul Ball, location: 2F
1-2: Ball
2-2: Foul Ball, location: 2F
2-2: Strikes out swinging
Bottom of the 5th over - 2 run(s), 1 hit(s), 0 error(s), 2 left on base; Delaware 0 - Idaho Falls 5
TOP OF THE 6TH
Delaware 1787 BC batting - Pitching for Idaho Falls Chukars : RHP Maxwell Simon
Batting: RHB Thurman Blumer 0-0: Fly out, F9 (Flyball, 9M)
Batting: RHB Nobuhiko Nakayama 0-0: Foul Ball, location: 2F
0-1: Called Strike
0-2: Strikes out looking
Batting: LHB Ward Wilberfoss 0-0: Ball
1-0: Foul Ball, location: 2F
1-1: Swinging Strike
1-2: Foul Ball, location: 2F
1-2: Strikes out swinging
Top of the 6th over - 0 run(s), 0 hit(s), 0 error(s), 0 left on base; Delaware 0 - Idaho Falls 5
BOTTOM OF THE 6TH
Idaho Falls Chukars batting - Pitching for Delaware 1787 BC : RHP Lance Cira
Batting: LHB Frank Sharp 0-0: Ball
1-0: Foul Ball, location: 2F
1-1: Ball
2-1: Ball
3-1: Base on Balls
Batting: RHB Tan Bal 0-0: Swinging Strike
0-1: Ball
1-1: Ball
2-1: Ground out 4-3 (Groundball, 4M)
Frank Sharp to second
Batting: SHB Pablo Coloa 0-0: Ball
1-0: SINGLE (Groundball, 5S) (infield hit)
Frank Sharp to third
Batting: RHB Michael Bradshaw 0-0: Ball
1-0: Called Strike
1-1: Swinging Strike
1-2: Ball
2-2: Strikes out looking
Batting: LHB Armando Peña 0-0: Ball
1-0: Called Strike
1-1: Called Strike
1-2: Ball
2-2: Foul Ball, location: 2F
2-2: Ball
3-2: Foul Ball, location: 2F
3-2: Foul Ball, location: 2F
3-2: Base on Balls
Pablo Coloa to second
Batting: RHB Scott Ramsey 0-0: Ground out 1-3 (Groundball, 13)
Bottom of the 6th over - 0 run(s), 1 hit(s), 0 error(s), 3 left on base; Delaware 0 - Idaho Falls 5
TOP OF THE 7TH
Delaware 1787 BC batting - Pitching for Idaho Falls Chukars : RHP Maxwell Simon
Batting: LHB Russ Hanneman 0-0: Ball
1-0: Fly out, F9 (Flyball, 89M)
Batting: RHB Gianpaolo Monachino 0-0: Ball
1-0: Called Strike
1-1: Called Strike
1-2: Foul Ball, location: 2F
1-2: Strikes out looking
Batting: RHB Cristián Alfonso 0-0: Ball
1-0: Foul Ball, location: 2F
1-1: Called Strike
1-2: Strikes out looking
Top of the 7th over - 0 run(s), 0 hit(s), 0 error(s), 0 left on base; Delaware 0 - Idaho Falls 5
BOTTOM OF THE 7TH
Idaho Falls Chukars batting - Pitching for Delaware 1787 BC : RHP Lance Cira
Batting: SHB Félix Medina 0-0: Fly out, F9 (Flyball, 89S)
Batting: RHB Jonah Cooney 0-0: Ball
1-0: Called Strike
1-1: Called Strike
1-2: Foul Ball, location: 2F
1-2: Strikes out swinging
Batting: RHB Fernando Granados 0-0: Called Strike
0-1: SINGLE (Line Drive, 6D)
Batting: LHB Frank Sharp 0-0: Called Strike
Fernando Granados steals 2nd base
0-1: Called Strike
0-2: Ball
Wild Pitch!
Fernando Granados to third
1-2: Strikes out swinging
Bottom of the 7th over - 0 run(s), 1 hit(s), 0 error(s), 1 left on base; Delaware 0 - Idaho Falls 5
TOP OF THE 8TH
Delaware 1787 BC batting - Pitching for Idaho Falls Chukars : RHP Maxwell Simon
Now at C: Erwin Chapman
Now in CF: Miguel Luna
Batting: RHB Gilberto Rodríguez 0-0: Ball
1-0: Ball
2-0: Ball
3-0: Called Strike
3-1: Foul Ball, location: 2F
3-2: Strikes out swinging
Batting: RHB Julián García 0-0: Ball
1-0: Foul Ball, location: 2F
1-1: Foul Ball, location: 2F
1-2: Ground out 6-3 (Groundball, 6M)
Batting: RHB Jorge Figueroa 0-0: Ball
1-0: Called Strike
1-1: Fly out, F8 (Flyball, 78S)
Top of the 8th over - 0 run(s), 0 hit(s), 0 error(s), 0 left on base; Delaware 0 - Idaho Falls 5
BOTTOM OF THE 8TH
Idaho Falls Chukars batting - Pitching for Delaware 1787 BC : RHP Lance Cira
Batting: RHB Tan Bal 0-0: Called Strike
0-1: Swinging Strike
0-2: Foul Ball, location: 2F
0-2: SINGLE (Flyball, 7S)
Batting: SHB Pablo Coloa 0-0: Ball
Tan Bal steals 2nd base
1-0: Ball
2-0: Called Strike
2-1: Foul Ball, location: 2F
2-2: Foul Ball, location: 2F
2-2: Ball
3-2: Foul Ball, location: 2F
3-2: Fly out, F8 (Flyball, 8RXD)
Runner from 2nd tags up, SAFE at 3rd, no throw
Batting: RHB Michael Bradshaw 0-0: Ball
1-0: Called Strike
1-1: Called Strike
1-2: Ball
2-2: Ball
3-2: Base on Balls
Batting: LHB Armando Peña 0-0: Called Strike
0-1: Called Strike
Michael Bradshaw steals 2nd base
0-2: Ground out 3-6 (Groundball, 3)
Batting: RHB Scott Ramsey 0-0: Called Strike
0-1: Foul Ball, location: 2F
0-2: Ball
1-2: Ball
2-2: Ground out 6-3 (Groundball, 6)
Bottom of the 8th over - 0 run(s), 1 hit(s), 0 error(s), 2 left on base; Delaware 0 - Idaho Falls 5
TOP OF THE 9TH
Delaware 1787 BC batting - Pitching for Idaho Falls Chukars : RHP Maxwell Simon
Now at SS: Christian Gentry
Batting: RHB Thurman Blumer 0-0: Ball
1-0: Foul Ball, location: 2F
1-1: Foul Ball, location: 2F
1-2: Strikes out swinging
Batting: RHB Nobuhiko Nakayama 0-0: Called Strike
0-1: Foul Ball, location: 2F
0-2: Ball
1-2: Foul Ball, location: 2F
1-2: Strikes out looking
Batting: LHB Ward Wilberfoss 0-0: SINGLE (Line Drive, 6MD)
Pitching: RHP Enrique Costa
Batting: LHB Russ Hanneman 0-0: DOUBLE (Flyball, 78M)
Ward Wilberfoss to third
Runner from 3rd tries for Home, SAFE, no throw or cutoff
Batting: RHB Gianpaolo Monachino 0-0: Ball
1-0: Called Strike
1-1: Foul Ball, location: 2F
1-2: Strikes out swinging
Top of the 9th over - 1 run(s), 2 hit(s), 0 error(s), 1 left on base; Delaware 1 - Idaho Falls 5
This league is powered by Out of the Park Baseball, the baseball management simulation game for PC, Mac and Linux
Monday, October 3rd, 2016 - OOTP Baseball 16.9 Build 39